 Dungeon Crawl Stone Soup version 0.19-a0-54-g5421d7e (webtiles) character file.

456 Brrr the Digger (level 7, 0/36 HPs)
             Began as a Gargoyle Earth Elementalist on May 8, 2016.
             Slain by an orc priest
             ... wielding a +0 flail
              (4 damage)
             ... on level 3 of the Dungeon.
             The game lasted 00:10:13 (2812 turns).

Brrr the Digger (Gargoyle Earth Elementalist)       Turns: 2812, Time: 00:10:14

Health: 0/36       AC:  8    Str: 11    XL:     7   Next: 6%
Magic:  1/14       EV: 12    Int: 18    God:
Gold:   102        SH:  0    Dex: 10    Spells: 3 memorised, 7 levels left

rFire  . . .     SeeInvis .     e - +4 quarterstaff (chaos)
rCold  . . .     Gourm    .     a - +0 robe
rNeg   + . .     Faith    .     (shield currently unavailable)
rPois  ∞         Spirit   .     o - +0 helmet
rElec  +         Dismiss  .     i - +0 cloak
rCorr  .         Reflect  .     (no gloves)
SustAt .         Harm     .     (no boots)
MR     .....                    (no amulet)
Stlth  ++........               (no ring)
                                k - ring of wizardry

@: not resistant to hostile enchantments, unstealthy
A: negative energy resistance 1, electricity resistance, unbreathing,
petrification resistance, rot immunity, AC +4
a: no special abilities


You were on level 3 of the Dungeon.
You were not hungry.

You visited 1 branch of the dungeon, and saw 3 of its levels.

You collected 102 gold pieces.

Inventory:

Hand Weapons
 e - a +4 quarterstaff of chaos (weapon)
 h - a +0 mace
Missiles
 b - 35 stones (quivered)
Armour
 a - a +0 robe (worn)
 i - a +0 cloak (worn)
 o - a +0 helmet (worn)
Jewellery
 k - a ring of wizardry (left hand)
Wands
 m - a wand of polymorph (3/24)
Scrolls
 f - a scroll of blinking
Potions
 l - a potion of might {unknown}
 n - a potion of cure mutation
Books
 c - a book of Geomancy

   Spells                             Type                      Level
   a - Sandblast                      Earth                        1
   b - Passwall                       Transmutation/Earth          2
   c - Stone Arrow                    Conjuration/Earth            3
   d - Petrify                        Transmutation/Earth          4
   e - Lee's Rapid Deconstruction     Earth                        5
Comestibles
 d - 2 bread rations
 g - 2 meat rations
 j - 3 chunks of flesh


   Skills:
 - Level 1.5 Dodging
 - Level 2.1 Stealth
 * Level 5.2 Spellcasting
 + Level 3.0 Conjurations
   Level 0.7 Transmutations
 + Level 5.5 Earth Magic


You had 7 spell levels left.
You knew the following spells:

 Your Spells              Type           Power        Failure   Level  Hunger
a - Sandblast             Erth           ###...       1%          1    None
b - Stone Arrow           Conj/Erth      ###...       4%          3    ##.....
c - Lee's Rapid Deconstr  Erth           ###.......   17%         5    ######.


Dungeon Overview and Level Annotations

Branches:
Dungeon (3/15)

Altars:
Trog
Yredelemnul


Innate Abilities, Weirdness & Mutations

You are resistant to torment.
Your stone body is resilient (AC +4).
You are immune to poison.
You resist negative energy.
You are resistant to electric shocks.
You can survive without breathing.
You are immune to petrification.
You are immune to rotting.


Message History

The rocky blast hits the orc.
Drink which item? (? for menu, Esc to quit)
Okay, then.
Wield which item (- for none, * to show all)? (? for menu, Esc to quit)
Your +4 quarterstaff of chaos is briefly surrounded by a scintillating aura of random colours.
e - a +4 quarterstaff of chaos (weapon)
You hit the orc.
The orc is poisoned.
The orc is heavily wounded.
The orc hits you but does no damage.
The orc priest mumbles some strange prayers to Beogh against you.
Beogh smites you!
* * * LOW HITPOINT WARNING * * *
The orc hits you but does no damage.
You hit the orc. You freeze the orc.
You kill the orc!
Your magical contamination has completely faded away.
You hit the orc priest.
The orc priest is heavily wounded.
The orc priest hits you with a flail.
You die...

### ##### #.# ## #...# #..
.. #.#.###.# .##
#######.#..>#.# ...#
..........#.#.#####...#
######.#.#........#..#
#.#.######......## #@#.#
##........ #o#.#
#......... ######)#.#
#......... #.b)...#.#
#.<..##..#
#.######o######.#####.####
..
....o.oo...##.#.........#
.
...#.###.#.##.##...######
.o#.##..'...'....#
#.#.##.##...####.#


You could see an orc priest.

Vanquished Creatures
  Grinder (D:2)
  An orc wizard (D:3)
  Crazy Yiuf (D:2)
  Ijyb (D:2)
  Robin (D:2)
  8 adders
  An ooze (D:2)
  A worm (D:2)
  A dart slug (D:3)
  3 orcs (D:3)
  2 giant cockroaches
  17 goblins
  8 hobgoblins
  2 jackals (D:3)
  A quokka (D:3)
  2 ball pythons (D:2)
  11 bats
  5 giant newts
  5 kobolds
  7 rats
79 creatures vanquished.

Notes
Turn   | Place    | Note
--------------------------------------------------------------
     0 | D:1      | Brrr the Gargoyle Earth Elementalist began the quest for the Orb.
     0 | D:1      | Reached XP level 1. HP: 10/10 MP: 3/3
   104 | D:1      | Reached XP level 2. HP: 13/15 MP: 0/5
   977 | D:1      | Reached XP level 3. HP: 19/19 MP: 7/7
   982 | D:1      | Learned a level 3 spell: Stone Arrow
  1466 | D:2      | Found a bloodstained altar of Trog.
  1583 | D:2      | Noticed Robin
  1601 | D:2      | Reached XP level 4. HP: 24/24 MP: 3/8
  1728 | D:2      | Noticed Crazy Yiuf
  1734 | D:2      | Killed Crazy Yiuf
  1734 | D:2      | Reached skill level 1 in Conjurations
  1785 | D:2      | Killed Robin
  1805 | D:2      | Found a basalt altar of Yredelemnul.
  2019 | D:2      | Reached XP level 5. HP: 28/28 MP: 10/10
  2032 | D:2      | Learned a level 5 spell: Lee's Rapid Deconstruction
  2106 | D:2      | Noticed Ijyb
  2117 | D:2      | Killed Ijyb
  2139 | D:3      | Noticed Grinder
  2150 | D:2      | Killed Grinder
  2150 | D:2      | Reached skill level 5 in Earth Magic
  2150 | D:2      | Reached XP level 6. HP: 8/32 MP: 8/13
  2464 | D:3      | Reached skill level 5 in Spellcasting
  2794 | D:3      | Reached XP level 7. HP: 13/36 MP: 1/14
  2812 | D:3      | Slain by an orc priest

Vault maps used:
D:1:      dpeg_arrival_fog
D:2:      overflow_temple_1_default, lemuel_doored_altar, uniq_iyjb,
          uniq_crazy_yiuf_cottage, uniq_robin
D:3:      hangedman_ru_absence, uniq_terence, uniq_grinder, uniq_sigmund

Skill      XL: |  1  2  3  4  5  6  7 |
---------------+----------------------+-----
Earth Magic    | 4 5 |  5.5
Spellcasting   | 3 4 5 |  5.2
Conjurations   | 1 2 3 |  3.0
Dodging        | |  1.5
Stealth        | |  2.1
Transmutations | |  0.7

Action                   |  1- 3 |  4- 6 |  7- 9 || total
-------------------------+-------+-------+-------++-------
Melee: Mace              |    90 |     6 |       ||    96
       Quarterstaff      |       |    94 |     6 ||   100
 Cast: Sandblast         |    27 |     8 |     3 ||    38
       Stone Arrow       |       |     3 |     1 ||     4
  Use: Scroll            |     4 |     2 |       ||     6
       Potion            |       |     1 |       ||     1
 Stab: Paralysed         |       |     1 |       ||     1
  Eat: Chunk             |     3 |     4 |       ||     7
Armor: Robe              |    79 |    47 |     5 ||   131
Dodge: Dodged            |   128 |    68 |     5 ||   201
